 Dungeon Crawl Stone Soup version 0.18-a0-707-g3781854 (webtiles) character file.

860 Geeful the Ruffian (level 8, -4/56 HPs)
             Began as a Human Wanderer on Dec 7, 2015.
             Was a Follower of Makhleb.
             Slain by an ogre
             ... wielding a +0 giant club
              (23 damage)
             ... on level 6 of the Dungeon.
             The game lasted 00:16:13 (7123 turns).

Geeful the Ruffian (Human Wanderer)                 Turns: 7123, Time: 00:16:13

Health: -4/56      AC:  8    Str: 16    XL:     8   Next: 22%
Magic:  10/10      EV:  9    Int: 15    God:    Makhleb [*.....]
Gold:   144        SH:  0    Dex:  9    Spells: 0 memorised, 7 levels left

rFire  . . .     SeeInvis .       - Unarmed
rCold  . . .     Clarity  .     r - +0 scale mail
rNeg   + . .     SustAt   +     (no shield)
rPois  .         Gourm    .     (no helmet)
rElec  .         Spirit   .     (no cloak)
rCorr  .         Dismiss  .     c - +0 pair of gloves
rMut   .         Stasis   .     (no boots)
MR     .....                    (no amulet)
Stlth  ..........               B - ring of positive energy
                                j - ring of sustain attributes

@: not resistant to hostile enchantments, extremely unstealthy
A: no striking features
a: Renounce Religion


You were on level 6 of the Dungeon.
You worshipped Makhleb.
Makhleb was aware of your devotion.
You were near starving.

You visited 1 branch of the dungeon, and saw 6 of its levels.

You collected 144 gold pieces.

Inventory:

Armour
 c - a +0 pair of gloves (worn)
 h - a +0 chain mail
 r - a +0 scale mail (worn)
Jewellery
 j - a ring of sustain attributes (left hand)
 y - an uncursed ring of ice
 B - a ring of positive energy (right hand)
Scrolls
 b - a scroll of fear {unknown}
 f - a scroll of random uselessness {unknown}
 g - a scroll of blinking {unknown}
 m - 2 scrolls of recharging {unknown}
 n - 2 scrolls of enchant weapon {unknown}
 o - 2 scrolls of teleportation {unknown}
 q - a scroll of noise {unknown}
 s - 3 scrolls of enchant armour {unknown}
 v - a scroll of amnesia {unknown}
 C - a scroll of silence {unknown}
Potions
 a - a potion of brilliance
 e - a potion of magic {unknown}
 i - 2 potions of haste
 l - a potion of heal wounds
 t - 3 potions of curing
 u - a potion of degeneration {unknown}
 x - a potion of poison {unknown}
 A - a potion of mutation {unknown}
Comestibles
 d - 5 bread rations
 w - 2 meat rations
 z - 3 fruits


   Skills:
 - Level 2.0 Fighting
 - Level 6.0 Armour
   Level 2.0 Shields
 * Level 7.8 Unarmed Combat
 + Level 3.9 Invocations


You had 7 spell levels left.
You didn't know any spells.

Dungeon Overview and Level Annotations

Branches:
Dungeon (6/15)             Temple (0/1) D:4

Altars:
Fedhas
Makhleb
Okawaru
Trog
Yredelemnul

Shops:
D:5 :


Message History

You see here a meat ration.
w - 2 meat rations (gained 1)
You see here a flail.
There is an open door here.
You hit the ogre but do no damage. The ogre hits you with a giant club!
You punch the ogre!
The ogre is moderately wounded.
The ogre hits you with a giant club!!
Throwing (i - inventory):
p - 2 throwing nets (quivered)
Press: ? - help, Shift-Dir - straight line, f - ogre
Aim: an ogre, wielding a giant club (moderately wounded)
You throw a throwing net.
The throwing net closely misses the ogre.
Throwing (i - inventory):
p - a throwing net (quivered)
Press: ? - help, Shift-Dir - straight line, f/p - ogre
Aim: an ogre, wielding a giant club (moderately wounded)
You throw a throwing net.
The throwing net barely misses the ogre.
The ogre hits you with a giant club!!
You die...

#..<...# #.####.#
#.# #.#
###)####.#######8
#.......(........
#.#..............
#.#..###........#
#.#..# #..####P.#
#.#..# #.@').# ..
##.#..#
#.O#[.#..#
#.....#
#..####......
#..##.# #...
..###. #..#
....... ... ....#
5#.#.(.. ....
.P.P.# .##.##..
###. #.._..# ยง#
#.#.## #..P.P..
.# #..


You could see an ogre.

Vanquished Creatures
  Eustachio (D:6)
  A scorpion (D:5)
  A giant frog zombie (D:6)
  3 centaur skeletons
  2 crimson imps (D:5)
  A jelly (D:5)
  A giant frog skeleton (D:5)
  2 orc priests (D:5)
  Ijyb (D:3)
  5 worker ants
  A hound skeleton (D:4)
  3 adders
  7 gnolls
  A shadow imp (D:5)
  2 oozes
  An adder zombie (D:5)
  A worm (D:3)
  4 giant geckos
  12 orcs
  8 goblins
  6 hobgoblins
  12 bats
  3 giant cockroaches
  A giant gecko zombie (D:6)
  2 giant newts
  6 jackals
  A jackal zombie (D:5)
  7 kobolds
  A quokka skeleton (D:5)
  9 rats
106 creatures vanquished.

Notes
Turn   | Place    | Note
--------------------------------------------------------------
     0 | D:1      | Geeful the Human Wanderer began the quest for the Orb.
     0 | D:1      | Geeful set off with: a +2 spear, a +0 ring mail, a potion of curing, a bread ration
     0 | D:1      | Reached XP level 1. HP: 16/16 MP: 1/1
   398 | D:1      | Reached skill level 1 in Unarmed Combat
   475 | D:1      | Reached XP level 2. HP: 9/22 MP: 2/2
  1413 | D:2      | Reached XP level 3. HP: 8/27 MP: 3/3
  1945 | D:1      | Reached XP level 4. HP: 9/33 MP: 4/4
  2747 | D:2      | Found an iron altar of Okawaru.
  3270 | D:3      | Reached XP level 5. HP: 34/38 MP: 5/5
  3629 | D:3      | Noticed Ijyb
  3663 | D:3      | Killed Ijyb
  3989 | D:3      | Reached skill level 5 in Unarmed Combat
  4463 | D:3      | Found a burning altar of Makhleb.
  4469 | D:3      | Became a worshipper of Makhleb the Destroyer
  4630 | D:4      | Reached XP level 6. HP: 23/44 MP: 6/6
  4875 | D:4      | Reached skill level 1 in Invocations
  4915 | D:4      | Found a blossoming altar of Fedhas.
  5288 | D:4      | Found a staircase to the Ecumenical Temple.
  5401 | D:5      | Entered Level 5 of the Dungeon
  5679 | D:5      | Reached XP level 7. HP: 21/50 MP: 8/8
  6160 | D:5      | Reached skill level 7 in Unarmed Combat
  6229 | D:5      | Found Faycwoige's Book Shop.
  6298 | D:5      | Reached * piety under Makhleb
  6519 | D:5      | Found a bloodstained altar of Trog.
  6682 | D:6      | Found a basalt altar of Yredelemnul.
  6685 | D:6      | Noticed Eustachio
  6707 | D:6      | Reached XP level 8. HP: 31/56 MP: 10/10
  6896 | D:6      | Killed Eustachio
  7123 | D:6      | Slain by an ogre

Vault maps used:
D:1:      shiori_shiawase
D:2:      okawaru_metal_pillars_1_2
D:3:      lemuel_round_altar, first_bread, uniq_iyjb
D:4:      minmay_temple_entry_glassed_door, fedhas_altar_2
D:5:      serial_shops, shop, trog_book
D:6:      nemelex_xobeh_ov_fountains_minmay, minitemple, minmay_misc_feat_iff,
          corexii_shack, yredelemnul_altar_generic, uniq_blork_the_orc,
          uniq_eustachio

Action                   |  1- 3 |  4- 6 |  7- 9 || total
-------------------------+-------+-------+-------++-------
Melee: Unarmed           |   208 |   390 |   148 ||   746
Throw: Throwing net      |       |       |     2 ||     2
  Use: Potion            |     2 |       |     4 ||     6
       Scroll            |       |     5 |       ||     5
  Eat: Chunk             |     2 |     7 |     3 ||    12
       Meat ration       |       |     1 |       ||     1
       Beef jerky        |       |     1 |       ||     1
